 Dungeon Crawl Stone Soup version 0.17-a0-2127-g1cb09f6 (webtiles) character file.

3273 Horrz the Slinger (level 10, -5/68 HPs)
             Began as a Halfling Hunter on Oct 23, 2015.
             Slain by Erolcha
             ... wielding a +0 giant spiked club
              (15 damage)
             ... on level 8 of the Dungeon.
             The game lasted 00:54:26 (7994 turns).

Horrz the Slinger (Halfling Hunter)                 Turns: 7994, Time: 00:54:26

Health: -5/68      AC: 16    Str: 14    XL:     10   Next: 19%
Magic:  10/10      EV: 15    Int: 10    God:
Gold:   139        SH:  8    Dex: 17    Spells: 0 memorised, 9 levels left

rFire  + + +     SeeInvis .     v - +2 short sword (venom)
rCold  x . .     Clarity  .     D - +0 fire dragon armour
rNeg   . . .     SustAt   .     n - +2 buckler
rPois  .         Gourm    +     (no helmet)
rElec  .         Spirit   .     o - +0 cloak
rCorr  .         Warding  .     (no gloves)
rMut   .         Stasis   .     J - +0 pair of boots
MR     .....                    f - amulet of the gourmand
Stlth  ..........               j - +4 ring of protection
                                i - ring of protection from fire

@: very slightly contaminated, hasted, very quick, not resistant to hostile
enchantments, extremely unstealthy
A: mutation resistance 1
a: no special abilities


You were on level 8 of the Dungeon.
You were very full.

You visited 2 branches of the dungeon, and saw 9 of its levels.

You collected 343 gold pieces.
You spent 204 gold pieces at shops.

Inventory:

Hand Weapons
 a - a +1 hunting sling
 v - a +2 short sword of venom (weapon)
Missiles
 b - 7 sling bullets
 w - 102 stones (quivered)
 C - 9 exploding sling bullets
Armour
 d - a +1 leather armour
 n - a +2 buckler (worn)
 o - a +0 cloak (worn)
 D - a +0 fire dragon armour (worn)
 H - a +2 buckler
 J - a +0 pair of boots (worn)
Jewellery
 f - an amulet of the gourmand (around neck)
 i - a ring of protection from fire (left hand)
 j - a +4 ring of protection (right hand)
Wands
 p - a wand of hasting (6)
 E - a wand of slowing (15)
Scrolls
 h - 3 scrolls of random uselessness
 s - 4 scrolls of teleportation
 t - a scroll of blinking
 y - 2 scrolls of fear
 B - 2 scrolls of remove curse
 F - a scroll of enchant weapon {unknown}
 G - a scroll of immolation {unknown}
 I - a scroll of identify
Potions
 l - 2 potions of brilliance
 m - 3 potions of curing
 q - a potion of lignification {unknown}
 r - a potion of ambrosia {unknown}
 u - a potion of poison {unknown}
 A - 2 potions of might {unknown}
Books
 c - a book of Maledictions

   Spells                             Type                      Level
   a - Corona                         Hexes                        1
   b - Ensorcelled Hibernation        Hexes/Ice                    2
   c - Confuse                        Hexes                        3
   d - Tukima's Dance                 Hexes                        3
   e - Dazzling Spray                 Conjuration/Hexes            3
Comestibles
 e - 7 bread rations
 g - 5 beef jerkies
 k - 4 fruits
 x - 11 slices of pizza
 z - 6 meat rations


   Skills:
 + Level 6.1 Fighting
 + Level 6.1 Short Blades
 - Level 10.0 Slings
 + Level 6.5 Armour
 + Level 7.0 Dodging
 - Level 1.1 Stealth
 + Level 4.0 Shields


You had 9 spell levels left.
You didn't know any spells.

Dungeon Overview and Level Annotations

Branches:
Dungeon (8/15)             Temple (1/1) D:4
   Lair: D:8-11

Altars:
Ashenzari
Cheibriados
Dithmenos
Elyvilon
Fedhas
Gozag
Kikubaaqudgha
Makhleb
Nemelex Xobeh
Qazlal
Ru
Sif Muna
Trog
Vehumet
Xom
Yredelemnul
Zin
The Shining One

Shops:
D:7 }

Annotations:
D:8 Erolcha


Innate Abilities, Weirdness & Mutations

You are small and have problems with some larger weapons.
You are somewhat resistant to further mutation.


Message History

Erolcha is heavily wounded.
You barely miss Erolcha.
Erolcha is heavily wounded.
Erolcha zaps a wand.
The bolt of cold hits you!
You feel a terrible chill!
You closely miss Erolcha.
Erolcha is heavily wounded.
You barely miss Erolcha.
Erolcha is severely wounded.
Erolcha points at you and mumbles some strange words.
The orb of energy hits you!
* * * LOW HITPOINT WARNING * * *
The orb of energy explodes!
You hit Erolcha.
Erolcha looks even sicker.
Erolcha is severely wounded.
You hit Erolcha.
Erolcha is almost dead.
You hit Erolcha but do no damage.
Erolcha is almost dead.
Erolcha hits you with a giant spiked club!
You die...

...+....#...............
.###....#.######.####.### .#
##+#.#.# #.......... .####.#.#.#
#............. ......#.#.#
#.####.#####..# #######.#)#
#.####.....#..# #.#.#
#.#.....#..#..#
#.#.#####.#.###.#.##..#
##.#.......@O..........#
######................#.###.#####
.................................
..........)...........<.....##ยง##
####.#..##.###.#.#.####.##..##.#
#.#.....###.#.#.####.##..##.# #
#.#......##.#.#......###..... #
#.#......##.#.##########.##.# #
#.#......##...................


You could see Erolcha.

Vanquished Creatures
  A hog (D:8)
  2 yaks (D:8)
  A human (D:8)
  3 hippogriffs
  An orc warrior (D:7)
  2 sky beasts
  2 ice beasts
  2 ogres
  2 centaurs
  A crocodile (D:7)
  4 giant frogs
  4 killer bees (D:7)
  3 scorpions
  2 giant frog zombies
  2 orc priests
  3 orc wizards
  A quasit (D:8)
  Ijyb (D:3)
  A hound (D:5)
  2 jellies
  2 giant frog skeletons
  Jessica (D:2)
  Terence (D:5)
  2 iguanas
  4 worker ants
  A sheep (D:8)
  A hound zombie (D:5)
  2 worker ant zombies
  11 adders
  A shadow imp (D:5)
  3 oozes
  4 worms
  An adder skeleton (D:6)
  3 giant geckos
  12 orcs
  A ball python (D:5)
  9 bats
  4 giant cockroaches
  3 hobgoblins
  5 jackals
  3 quokkas
  A giant gecko skeleton (D:6)
  5 giant newts
  7 goblins
  A jackal zombie (D:7)
  8 kobolds
  A quokka skeleton (D:5)
  8 rats
145 creatures vanquished.

Vanquished Creatures (others)
  2 orc wizards (D:3)
2 creatures vanquished.

Grand Total: 147 creatures vanquished

Notes
Turn   | Place    | Note
--------------------------------------------------------------
     0 | D:1      | Horrz the Halfling Hunter began the quest for the Orb.
     0 | D:1      | Reached XP level 1. HP: 14/14 MP: 1/1
    69 | D:1      | Reached skill level 6 in Slings
    73 | D:1      | Reached XP level 2. HP: 19/19 MP: 2/2
   599 | D:1      | Reached XP level 3. HP: 24/24 MP: 3/3
   829 | D:2      | Noticed Jessica
  1145 | D:2      | Reached skill level 7 in Slings
  1241 | D:2      | Found a blossoming altar of Fedhas.
  1364 | D:2      | Reached XP level 4. HP: 25/30 MP: 4/4
  1651 | D:2      | Killed Jessica
  1810 | D:3      | Noticed Ijyb
  1813 | D:3      | Noticed Terence
  1909 | D:3      | Killed Ijyb
  1909 | D:3      | Reached skill level 1 in Armour
  1909 | D:3      | Reached XP level 5. HP: 34/36 MP: 5/5
  2285 | D:3      | Found a radiant altar of Vehumet.
  2651 | D:3      | Found a deep blue altar of Sif Muna.
  2773 | D:4      | Reached XP level 6. HP: 36/42 MP: 6/6
  2918 | D:4      | Found a staircase to the Ecumenical Temple.
  3048 | Temple   | Entered the Ecumenical Temple
  3143 | D:4      | Noticed an ogre
  3313 | D:4      | Noticed a hippogriff
  3398 | D:5      | Entered Level 5 of the Dungeon
  3403 | D:5      | Reached skill level 8 in Slings
  3415 | D:5      | Reached XP level 7. HP: 46/46 MP: 7/7
  3435 | D:5      | Found a burning altar of Makhleb.
  3530 | D:4      | Killed a hippogriff
  3685 | D:4      | Found a glowing silver altar of Zin.
  3960 | D:5      | Killed Terence
  4050 | D:5      | Noticed a sky beast
  4463 | D:6      | Reached XP level 8. HP: 54/54 MP: 8/8
  4487 | D:6      | Killed a sky beast
  4487 | D:6      | Reached skill level 1 in Short Blades
  4487 | D:6      | Reached skill level 9 in Slings
  4487 | D:6      | Reached skill level 5 in Dodging
  4813 | D:6      | Noticed a hippogriff
  4827 | D:6      | Killed a hippogriff
  5141 | D:5      | Found a shattered altar of Ashenzari.
  5877 | D:7      | Reached skill level 5 in Armour
  5877 | D:7      | Reached XP level 9. HP: 47/60 MP: 9/9
  5934 | D:7      | Reached skill level 5 in Fighting
  6232 | D:7      | Reached skill level 1 in Shields
  6236 | D:7      | Reached skill level 10 in Slings
  6342 | D:7      | Found Sib Zin's Gadget Boutique.
  6350 | D:7      | Bought a wand of slowing (19) for 204 gold pieces
  6467 | D:7      | Found a bloodstained altar of Trog.
  6467 | D:7      | Found a stormy altar of Qazlal.
  7109 | D:8      | Reached skill level 5 in Short Blades
  7141 | D:8      | Reached XP level 10. HP: 37/68 MP: 10/10
  7255 | D:8      | Noticed Erolcha
  7994 | D:8      | Slain by Erolcha

Vault maps used:
D:1:      nicolae_arrival_somewhat_less_tricky_arrival
D:2:      fedhas_altar_fruit_tree, serial_co_window_serial, co_window_corner_a,
          co_window_corner_a, co_window_corner_a, co_window_paths_a,
          co_window_paths_a, co_window_corner_b, co_window_corner_b,
          co_window_unsneaky_path_b, glass_columns_b, glass_columns_c,
          glass_columns_a, glass_columns_a, glass_columns_c, minmay_cut_off,
          uniq_jessica
D:3:      led_sif_book, old_standard_altar, kennysheep_generic_room_16,
          uniq_terence, uniq_iyjb
D:4:      minmay_temple_entry_statues, kennysheep_flooded_box
D:5:      lemuel_crystal_altar, first_bread, basic_altar
D:7:      gammafunk_temple_overflow_statue, serial_shops, shop
D:8:      lair_0_dummy, grunt_livestock, uniq_erolcha
Temple:   nicolae_temple_x_marks_the_god

Action                   |  1- 3 |  4- 6 |  7- 9 | 10-12 || total
-------------------------+-------+-------+-------+-------++-------
Melee: Short sword       |       |       |   179 |   113 ||   292
 Fire: Hunting sling     |   103 |   287 |   286 |     9 ||   685
Throw: Stone             |       |       |    10 |       ||    10
Evoke: Wand              |       |       |       |     5 ||     5
  Use: Scroll            |     6 |     2 |     4 |     1 ||    13
       Potion            |       |     2 |       |     2 ||     4
  Eat: Chunk             |     1 |     6 |    22 |     3 ||    32
